 Dungeon Crawl Stone Soup version 0.25-a0-705-ge9988fc0fb (webtiles) character file.

Game seed: 14998794042283305917, levelgen mode: deterministic

5987 Maedhros the Covert (level 10, -5/58 HPs)
             Began as an Octopode Artificer on Apr 4, 2020.
             Was an Elder of Fedhas.
             Slain by a two-headed ogre
             ... wielding a +0 giant club
              (24 damage)
             ... on level 10 of the Dungeon.
             The game lasted 00:22:41 (12361 turns).

Maedhros the Covert (Octopode Artificer)           Turns: 12361, Time: 00:22:42

Health: -5/58      AC:  3    Str: 11    XL:     10   Next: 85%
Magic:  16/16      EV: 18    Int: 13    God:    Fedhas [****..]
Gold:   265        SH:  5    Dex: 17    Spells: 6/9 levels left

rFire    . . .     SeeInvis +   z - +0 dagger (venom)
rCold    . . .     Gourm    .   n - +0 buckler
rNeg     . . .     Faith    .   (helmet restricted)
rPois    .         Spirit   .   (no amulet)
rElec    .         Reflect  .   C - ring of see invisible (curse)
rCorr    .         Harm     .   (no ring)
MR       .....                  (no ring)
Stlth    +++++.....             (no ring)
HPRegen  0.19/turn              (no ring)
MPRegen  0.15/turn              (no ring)
                                (no ring)
                                (no ring)

@: lightly drained
A: almost no armour, stealthy swim, amphibious, 8 rings, constrict 8, fangs 1,
icy blue scales 1, camouflage 1, gelatinous body 1
a: Wall of Briars, Grow Ballistomycete, Overgrow, Renounce Religion


You were on level 10 of the Dungeon.
You worshipped Fedhas.
Fedhas was greatly pleased with you.
You were not hungry.

You visited 1 branch of the dungeon, and saw 10 of its levels.

You collected 596 gold pieces.
You spent 331 gold pieces at shops.

Inventory:

Hand Weapons
 a - a +0 short sword
 i - a +0 hunting sling
 z - a +0 dagger of venom (weapon)
Missiles
 b - 14 poisoned darts
 j - 236 stones (quivered)
 x - 11 javelins
 G - 90 sling bullets
Armour
 n - a +0 buckler (worn)
Jewellery
 C - a cursed ring of see invisible (left tentacle)
Wands
 c - a wand of enslavement (5)
 d - a wand of random effects (12)
 B - a wand of polymorph (20)
 E - a wand of paralysis (12)
Scrolls
 g - a scroll of fear {unknown}
 h - 6 scrolls of identify
 l - 8 scrolls of remove curse
 m - a scroll of immolation {unknown}
 r - a scroll of magic mapping {unknown}
 u - a scroll of teleportation {unknown}
 w - a scroll of amnesia {unknown}
 y - a scroll of random uselessness {unknown}
 A - a scroll of fog
 H - 3 scrolls of blinking {unknown}
 I - a scroll of silence {unknown}
Potions
 e - 3 potions of curing
 k - 2 potions of resistance
 o - 4 potions of heal wounds
 p - 4 potions of flight {unknown}
 q - a potion of lignification {unknown}
 s - a potion of mutation
 t - a potion of haste {unknown}
 v - a potion of berserk rage {unknown}
 D - a potion of ambrosia {unknown}
 F - a potion of might {unknown}
Comestibles
 f - 24 rations


   Skills:
 - Level 1.0(0.8) Fighting
 - Level 1.0(0.8) Short Blades
 * Level 3.9(3.7) Slings
 + Level 7.7(7.5) Dodging
 - Level 10.0(9.7) Stealth
 - Level 5.1(4.9) Shields
 * Level 8.2(8.0) Invocations
 - Level 8.3(8.1) Evocations


You had 6 spell levels left.
You knew the following spells:

 Your Spells              Type           Power        Failure   Level  Hunger
a - Mephitic Cloud        Conj/Pois/Air  #.......     67%         3    ####...

Your spell library contained the following spells:

 Spells                   Type           Power        Failure   Level  Hunger
 Corona                   Hex            #......      30%         1    ##.....
 Magic Dart               Conj           #...         30%         1    ##.....
 Blink                    Tloc           N/A          43%         2    ###....
 Call Imp                 Summ           #.......     43%         2    ###....
 Poisonous Vapours        Pois/Air       #.....       43%         2    ###....
 Slow                     Hex            #.......     43%         2    ###....
 Conjure Flame            Conj/Fire      #.......     67%         3    ####...
 Inner Flame              Hex/Fire       #.......     67%         3    ####...
 Portal Projectile        Hex/Tloc       #.....       67%         3    ####...
 Cause Fear               Hex            #.........   97%         4    #####..
 Leda's Liquefaction      Hex/Erth       #.........   97%         4    #####..
 Freezing Cloud           Conj/Ice/Air   #.........   100%        6    #######
 Ring of Flames           Chrm/Fire      #.........   100%        7    #######


Dungeon Overview and Level Annotations

Branches:
Dungeon (10/15)            Temple (0/1) D:5            Lair (0/6) D:8
    Orc (0/2) D:10

Altars:
Dithmenos
Fedhas
Gozag
Hepliaklqana
Kikubaaqudgha
Makhleb
Nemelex Xobeh
Qazlal
Ru
Trog
Vehumet
Xom

Shops:
D:6 *   D:8 :!*(   D:9 =

Annotations:
D:5 exclusion: phantom


Innate Abilities, Weirdness & Mutations

You cannot wear most types of armour.
You are very stealthy in the water. (Stealth+)
You are amphibious.
You can wear up to eight rings at the same time.
You can use your tentacles to constrict eight enemies at once.
Your skin changes colour to match your surroundings (Stealth+).
Your rubbery body absorbs attacks. (AC +1, EV +1)
You have very sharp teeth.
You are partially covered in icy blue scales. (AC +2)


Message History

The two-headed ogre hits you with a +0 giant club!!
The two-headed ogre completely misses you.
Unknown command.
Evoke which item? (* to show all) (? for menu, Esc to quit)
Aiming: Paralyse
Press: ? - help, Shift-Dir - straight line, f - two-headed ogre
Aim: a two-headed ogre, wielding two +0 giant clubs (chance to defeat MR: 51%)
The two-headed ogre resists with significant effort.
The two-headed ogre closely misses you.
The two-headed ogre hits you with a +0 giant club!
Evoke which item? (* to show all) (? for menu, Esc to quit)
That's the wrong kind of item! (Use * to select it.) Evoke which item? (* to show all) (? for menu, Esc to quit)
Aiming: Paralyse
Press: ? - help, Shift-Dir - straight line, f/p - two-headed ogre
Aim: a two-headed ogre, wielding two +0 giant clubs (chance to defeat MR: 51%)
The two-headed ogre resists with significant effort.
The two-headed ogre hits you with a +0 giant club!!
You die...
Fedhas appreciates your contribution to the ecosystem.

...........#....#
...........#....#
...........#....#
...........#....#
......######....##
.####'#..........#
.................#
.#+####..........#
.#
#...####..@######
.# #...# ###.O....#
.# #...# +......#
.# #...# #......#
.##+###...#
#......#
..........#
#......#
#####.....#
#......#
#.....######..#####
#.............#


You could see a two-headed ogre.

Vanquished Creatures
  An unseen horror (D:10)
  Joseph (D:9)
  Maggie (D:7)
  Grinder (D:3)
  A troll (D:8)
  A hippogriff (D:10)
  2 hungry ghosts
  Menkaure (D:7)
  A water moccasin (D:6)
  An ice beast (D:8)
  3 sky beasts
  A phantom (D:6)
  An orc warrior (D:8)
  A black bear (D:8)
  A hornet zombie (D:9)
  5 ogres
  A necrophage (D:6)
  3 wolves (D:8)
  4 centaurs
  2 big kobolds
  A bullfrog (D:8)
  7 scorpions
  6 killer bees (D:10)
  A wight (D:10)
  5 crimson imps
  A centaur zombie (D:9)
  A bullfrog zombie (D:7)
  2 jellies
  6 orc wizards
  A quasit (D:6)
  2 orc priests (D:9)
  A centaur skeleton (D:9)
  5 hounds (D:8)
  Crazy Yiuf (D:7)
  5 worker ants
  3 iguanas
  A hound zombie (D:7)
  A hound skeleton (D:10)
  7 adders
  A shadow imp (D:7)
  4 worms
  4 leopard geckos
  23 orcs
  12 bats
  6 giant cockroaches
  5 goblins
  11 hobgoblins
  4 jackals
  3 quokkas
  A ball python skeleton (D:4)
  3 frilled lizards
  18 kobolds
  A leopard gecko zombie (D:8)
  8 rats
194 creatures vanquished.

Vanquished Creatures (collateral kills)
  An orc priest (D:7)
  3 orcs
  A goblin (D:3)
  3 jackals (D:5)
  A rat (D:3)
9 creatures vanquished.

Vanquished Creatures (others)
  A sky beast (D:6)
  A jelly (D:8)
  An adder (D:3)
3 creatures vanquished.

Grand Total: 206 creatures vanquished

Notes
Turn   | Place    | Note
-------+----------+-------------------------------------------
     0 | D:1      | Maedhros the Octopode Artificer began the quest for the
                  | Orb.
     0 | D:1      | Reached XP level 1. HP: 13/13 MP: 3/3
    51 | D:1      | Reached skill level 2 in Stealth
   100 | D:2      | Reached XP level 2. HP: 16/18 MP: 4/4
   417 | D:3      | Reached skill level 3 in Stealth
   422 | D:3      | Reached XP level 3. HP: 19/23 MP: 5/5
   442 | D:3      | Found a stormy altar of Qazlal.
   443 | D:3      | Found a blossoming altar of Fedhas.
   452 | D:3      | Became a worshipper of Fedhas Madash
   501 | D:3      | Found an opulent altar of Gozag.
   501 | D:3      | Found a shimmering altar of Xom.
  1088 | D:1      | Reached XP level 4. HP: 23/28 MP: 7/7
  1111 | D:1      | Reached * piety under Fedhas
  1315 | D:2      | Reached skill level 4 in Stealth
  1962 | D:3      | Noticed Grinder
  2047 | D:3      | Noticed a centaur
  2056 | D:3      | Killed a centaur
  2056 | D:3      | Reached skill level 1 in Shields
  2056 | D:3      | Reached XP level 5. HP: 11/33 MP: 8/8
  2426 | D:4      | Noticed an ogre
  2434 | D:4      | Killed an ogre
  2434 | D:4      | Reached skill level 5 in Stealth
  2434 | D:4      | Reached skill level 5 in Evocations
  2434 | D:4      | Reached XP level 6. HP: 38/38 MP: 9/9
  3374 | D:3      | Paralysed by Grinder for 4 turns
  3626 | D:3      | Reached ** piety under Fedhas
  3648 | D:5      | Entered Level 5 of the Dungeon
  3668 | D:4      | Noticed a phantom
  3805 | D:5      | Noticed a sky beast
  3923 | D:5      | Reached XP level 7. HP: 33/43 MP: 11/11
  4044 | D:5      | Found a staircase to the Ecumenical Temple.
  4276 | D:5      | Found a burning altar of Makhleb.
  4591 | D:5      | Reached skill level 6 in Stealth
  4607 | D:5      | Found a hazy altar of Hepliaklqana.
  4609 | D:5      | Found an opulent altar of Gozag.
  5467 | D:6      | Reached skill level 7 in Stealth
  5467 | D:6      | Reached XP level 8. HP: 22/47 MP: 12/12
  5886 | D:7      | Noticed Maggie
  5913 | D:7      | Killed Maggie
  5913 | D:7      | Reached skill level 5 in Dodging
  6057 | D:7      | Reached skill level 8 in Stealth
  6334 | D:3      | Killed Grinder
  6754 | D:6      | Reached XP level 9. HP: 10/52 MP: 14/14
  7115 | D:6      | Reached skill level 5 in Shields
  7292 | D:6      | Found Jaomiq's Assorted Antiques.
  7297 | D:6      | Bought a bronze wand for 60 gold pieces
  7297 | D:6      | Bought a bone wand for 60 gold pieces
  7478 | D:7      | Reached skill level 1 in Invocations
  7555 | D:7      | Noticed Menkaure
  7561 | D:7      | Killed Menkaure
  7561 | D:7      | Reached skill level 9 in Stealth
  7877 | D:7      | Found a runed translucent door.
  7878 | D:7      | Noticed Crazy Yiuf
  8207 | D:7      | Found a sacrificial altar of Ru.
  8389 | D:7      | Killed Crazy Yiuf
  8454 | D:8      | Found a staircase to the Lair.
  8464 | D:8      | Found Tuep's Distillery.
  8472 | D:8      | Reached *** piety under Fedhas
  8482 | D:8      | Bought a potion of heal wounds for 55 gold pieces
  8747 | D:8      | Noticed a troll
  8753 | D:8      | Killed a troll
  8795 | D:8      | Found Yzxa's General Store.
  9006 | D:8      | Bought a wand of paralysis (11) for 156 gold pieces
  9020 | D:8      | Gained mutation: You are partially covered in icy blue
                  | scales. (AC +2) [potion of mutation]
  9020 | D:8      | Gained mutation: You have very sharp teeth. [potion of
                  | mutation]
  9156 | D:8      | Reached skill level 5 in Invocations
  9361 | D:8      | Found a sparkling altar of Nemelex Xobeh.
  9363 | D:8      | Reached skill level 10 in Stealth
  9363 | D:8      | Reached XP level 10. HP: 57/57 MP: 16/16
  9373 | D:8      | Learned a level 3 spell: Mephitic Cloud
  9587 | D:8      | Found Xioria Himi's Book Boutique.
  9874 | D:8      | Found Jokhlibise's Antique Weapon Shop.
  9976 | D:9      | Found an ancient bone altar of Kikubaaqudgha.
  9993 | D:9      | Noticed Joseph
 10043 | D:9      | Killed Joseph
 10043 | D:9      | Reached **** piety under Fedhas
 10472 | D:9      | Found Caregrid's Jewellery Shoppe.
 10705 | D:9      | Reached skill level 1 in Slings
 11157 | D:9      | Found a radiant altar of Vehumet.
 11205 | D:9      | Found a shadowy altar of Dithmenos.
 11567 | D:10     | Entered Level 10 of the Dungeon
 11582 | D:10     | Found a bloodstained altar of Trog.
 11631 | D:10     | Found a staircase to the Orcish Mines.
 11655 | D:10     | Noticed an unseen horror
 11664 | D:10     | Killed an unseen horror
 12226 | D:10     | Noticed a two-headed ogre
 12361 | D:10     | Slain by a two-headed ogre

Levels and vault maps discovered:
D:1:      tarquinn_simple_flora_water_f, layout_loops_ring
D:2:      layout_loops_corners, first_ration, minmay_hexomino_u4
D:3:      layout_basic, grunt_temple_overflow_forces_of_nature,
          grunt_temple_overflow_open, uniq_grinder
D:4:      layout_gridville
D:5:      layout_loops_ring, nicolae_overflow_hidden_temple,
          nicolae_overflow_crystal_walls, minmay_temple_entry_junction_2,
          grunt_gozag_breadcrumbs
D:6:      layout_basic, serial_shops, kennysheep_little_box
D:7:      layout_loops_corners, nicolae_ru_the_path_less_chosen,
          grunt_ogre_cave, uniq_crazy_yiuf_cottage, uniq_maggie, uniq_menkaure
D:8:      layout_layer_cave, old_standard_altar, erik_lair_island, serial_shops,
          shop, shop, nicolae_shop_overgrown_old_shop, shop
D:9:      minmay_klotski, layout_basic, lemuel_crystal_altar,
          old_standard_altar, lemuel_coloured_pillars_altar, serial_shops,
          nicolae_shop_competitors_out_of_business, uniq_joseph
D:10:     minmay_octagon_keep, layout_irregular_city, st_stairs_3,
          minmay_misc_feat_chi, bloody_trog

Skill      XL: |  1  2  3  4  5  6  7  8  9 10 |
---------------+-------------------------------+-----
Stealth        | 2 3 4 5 7 8 10 | 10.0
Evocations     | 4 5 6 7 8 |  8.3
Shields        | 1 2 3 4 5 |  5.1
Dodging        | 3 4 5 6 7 |  7.7
Invocations    | 5 8 |  8.2
Slings         | 3 |  3.9
Fighting       | |  1.0
Short Blades   | |  1.0

Action                   |  1- 3 |  4- 6 |  7- 9 | 10-12 || total
-------------------------+-------+-------+-------+-------++-------
Melee: Short sword       |    78 |    95 |    26 |       ||   199
       Constrict         |    25 |    23 |    48 |    23 ||   119
       Tentacles         |    20 |    17 |    61 |    40 ||   138
       Dagger            |       |       |   240 |   156 ||   396
       Bite              |       |       |     2 |    25 ||    27
Evoke: Wand              |     1 |    21 |    37 |     4 ||    63
  Use: Potion            |       |       |     3 |     2 ||     5
       Scroll            |       |       |     3 |       ||     3
 Stab: Sleeping          |     3 |    11 |     4 |    17 ||    35
       Distracted        |     1 |       |     1 |       ||     2
       Paralysed         |       |       |     7 |     1 ||     8
  Eat: Chunk             |       |     9 |    11 |     6 ||    26
       Ration            |       |       |     2 |     1 ||     3
Armor: Skin              |    11 |    11 |    11 |     8 ||    41
Dodge: Dodged            |    53 |    67 |   131 |    82 ||   333
Block: Buckler           |       |    11 |    57 |    33 ||   101

Table legend:
 A = Non-vault XP
 B = Vault XP
 C = Vault XP percentage of total XP
 D = Non-vault monster count
 E = Vault monster count
 F = Vault count percentage of total count
                 A         B        C        D         E       F
            +---------+---------+-------+---------+---------+-------
      Total |    6171 |    2383 |  27.9 |     184 |      19 |   9.4
            +---------+---------+-------+---------+---------+-------
        D:1 |      32 |       0 |   0.0 |      18 |       0 |   0.0
        D:2 |      61 |       4 |   6.2 |      28 |       3 |   9.7
        D:3 |     191 |     290 |  60.3 |      26 |       1 |   3.7
        D:4 |     246 |       0 |   0.0 |       5 |       0 |   0.0
        D:5 |     497 |       0 |   0.0 |      17 |       0 |   0.0
        D:6 |     861 |       0 |   0.0 |      13 |       0 |   0.0
        D:7 |     379 |     739 |  66.1 |      13 |       4 |  23.5
        D:8 |    1134 |     839 |  42.5 |      27 |       9 |  25.0
        D:9 |     815 |     439 |  35.0 |      18 |       1 |   5.3
       D:10 |    1955 |      72 |   3.6 |      19 |       1 |   5.0
            +---------+---------+-------+---------+---------+-------
